 Dungeon Crawl Stone Soup version 0.28.0 (webtiles) character file.

Game seed: 81995802334766973

11 RighteousDevil the Ruffian (level 2, 29/29 HPs)
             Began as a Troll Monk on Feb 15, 2022.
             Was an Initiate of Ashenzari.
             Quit the game on level 1 of the Dungeon.
             The game lasted 00:00:52 (241 turns).

RighteousDevil the Ruffian (Troll Monk)              Turns: 241, Time: 00:00:53

Health: 29/29      AC:  4    Str: 18    XL:     2   Next: 17%
Magic:  1/1        EV: 10    Int:  6    God:    Ashenzari [......]
Gold:   8          SH:  0    Dex: 12    Spells: 1/1 levels left

rFire   . . .      SeeInvis .     - Unarmed
rCold   . . .      Faith    .   (no shield)
rNeg    . . .      Spirit   .   a - +0 robe
rPois   .          Reflect  .   (helmet restricted)
rElec   .          Harm     .   (no cloak)
rCorr   .          Rampage  .   (gloves unavailable)
Will    .....                   (boots unavailable)
Stlth   ++........              (no amulet)
HPRegen 0.89/turn               (no ring)
MPRegen 0.07/turn               (no ring)

@: no status effects
A: large, unfitting armour, claws 3, regeneration 1, shaggy fur 1, tough skin 1
a: Renounce Religion, Curse Item


You were on level 1 of the Dungeon.
You worshipped Ashenzari.
Ashenzari was noncommittal.
You visited 1 branch of the dungeon, and saw 1 of its levels.

You collected 8 gold pieces.

Inventory:

Armour
 a - a +0 robe (worn)
Scrolls
 b - a scroll of enchant weapon {unknown}


   Skills:
 + Level 2.6 Fighting
 - Level 2.4 Dodging
 - Level 1.0 Stealth
 * Level 3.4 Unarmed Combat


You had one spell level left.
You didn't know any spells.
Your spell library was empty.

Dungeon Overview and Level Annotations

Branches:
Dungeon (1/15)

Altars:
Ashenzari


Innate Abilities, Weirdness & Mutations

You are too large for most types of armour.
You have claws for hands.
Your natural rate of healing is unusually fast.
You are covered in fur. (AC +1)
You have tough skin. (AC +1)


Message History

The ball python misses you.
You closely miss the ball python. Your claw misses the ball python.
The ball python is heavily wounded.
The ball python barely misses you. The ball python bites you.
You closely miss the ball python.
The ball python is heavily wounded.
The ball python bites you.
You closely miss the ball python.
The ball python is heavily wounded.
The ball python bites you.
You closely miss the ball python.
The ball python is heavily wounded.
The ball python barely misses you.
You closely miss the ball python.
The ball python is heavily wounded.
The ball python closely misses you.
You barely miss the ball python.
The ball python is heavily wounded.
The ball python bites you but does no damage.
You barely miss the ball python.
The ball python is heavily wounded.
The ball python bites you but does no damage.
You scratch the ball python.
You kill the ball python!
No target in view!
No target in view!
You enter the shallow water.
Moving in this stuff is going to be slow.
There is a faded altar of an unknown god here.
You cannot tell which god this altar belongs to.
Convert to them anyway?
Ashenzari accepts your prayer! Ashenzari welcomes you!
Ashenzari invites you to partake of a vision and a curse of ranged combat and elements.
Ashenzari warns you of distant threats and treasures.
Ashenzari reveals the structure of the dungeon to you.
Ashenzari shows you where magical portals lie.
You enter the shallow water.
Moving in this stuff is going to be slow.
Ashenzari invites you to partake of a vision and a curse of evocations and beguiling.
Are you sure you want to abandon this character and quit the game? (Confirm with "yes".)
Okay, then.
Are you sure you want to abandon this character and quit the game? (Confirm with "yes".)

##.≈_≈.....#.#
#.≈≈≈.#####.#
#.....#####.#
##..........#
# #.##########
##. #.# #...
#.#
#....#######.#
#..@......#
#....#########
####


There were no monsters in sight!

Vanquished Creatures
  A dart slug (D:1)
  A ball python (D:1)
  A bat (D:1)
  A giant cockroach (D:1)
  A hobgoblin (D:1)
  A quokka (D:1)
  2 frilled lizards (D:1)
  A rat (D:1)
9 creatures vanquished.

Notes
Turn   | Place    | Note
-------+----------+-------------------------------------------
     0 | D:1      | RighteousDevil the Troll Monk began the quest for the Orb.
     0 | D:1      | Reached XP level 1. HP: 22/22 MP: 0/0
   148 | D:1      | Reached XP level 2. HP: 29/29 MP: 1/1
   199 | D:1      | Found a faded altar of an unknown god.
   226 | D:1      | Prayed at the altar of an unknown god.
   226 | D:1      | Became a worshipper of Ashenzari the Shackled
   241 | D:1      | Quit the game

Illustrated notes

Levels and vault maps discovered:
D:1:      eino_arrival_water_cross, layout_loops_corners,
          hellmonk_ecumenical_altar_pennies_from_heaven

Action                   || total
-------------------------++-------
Melee: Unarmed           ||    20
       Punch             ||     1
 Stab: Sleeping          ||     2
Armor: Robe              ||     7
Dodge: Dodged            ||     8
